 Dungeon Crawl Stone Soup version 0.24.1-14-gf8d2b509d9 (webtiles) character file.

Game seed: 13746485883971845897, levelgen mode: deterministic

5888 H0rd4k the Slicer (level 11, -1/82 HPs)
             Began as a Human Artificer on May 18, 2020.
             Was an Initiate of Gozag.
             Slain by a three-headed hydra (7 damage)
             ... on level 8 of the Dungeon.
             The game lasted 00:21:04 (9208 turns).

H0rd4k the Slicer (Human Artificer)                 Turns: 9208, Time: 00:21:05

Health: -1/82      AC: 13    Str: 17    XL:     11   Next: 8%
Magic:  14/14      EV: 16    Int: 15    God:    Gozag
Gold:   1333       SH:  0    Dex: 17    Spells: 10/10 levels left

rFire    . . .     SeeInvis .   R - +10 mace "Qufithe" {speed, *Slow rPois rN++ Dex+4}
rCold    . . .     Gourm    .   (no shield)
rNeg     + + .     Faith    .   F - +5 ring mail of Gozag's Fury {rCorr Int+4}
rPois    +         Spirit   .   k - +0 helmet
rElec    .         Reflect  .   (no cloak)
rCorr    +         Harm     .   (no gloves)
MR       .....                  (no boots)
Stlth    ++........             (no amulet)
HPRegen  0.23/turn              o - +1 ring of protection
MPRegen  0.14/turn              n - ring of poison resistance

@: slowed, studying 2 skills, very slow
A: no striking features
a: Potion Petition, Call Merchant, Bribe Branch, Renounce Religion


You were on level 8 of the Dungeon.
You worshipped Gozag.
Gozag was most pleased with you.
You were very hungry.

You visited 1 branch of the dungeon, and saw 8 of its levels.
You also visited: Sewer.

You collected 1420 gold pieces.
You paid 87 gold pieces to Gozag.

Inventory:

Hand Weapons
 a - a +0 short sword
 d - a +2 dagger of venom
 f - a +1 shortbow of flaming
 i - a +1 dagger of protection
 z - a +0 falchion
 R - the +10 mace "Qufithe" (weapon) {speed, *Slow rPois rN++ Dex+4}
   (You took it off a crimson imp on level 8 of the Dungeon)

   Attacks with this weapon are significantly faster.
   It affects your dexterity (+4).
   It protects you from poison.
   It greatly protects you from negative energy.
   It may slow you when you take damage.
Missiles
 x - 8 boomerangs (quivered)
 O - 11 poisoned darts
 P - 54 arrows
Armour
 b - a +0 leather armour
 k - a +0 helmet (worn)
 q - a +1 ring mail of magic resistance
 E - a +3 leather armour
 F - the +5 ring mail of Gozag's Fury (worn) {rCorr Int+4}
   (You found it on level 5 of the Dungeon)

   It affects your intelligence (+4).
   It provides partial protection from all sources of acid and corrosion.
Jewellery
 n - a ring of poison resistance (right hand)
 o - a +1 ring of protection (left hand)
 p - a +2 ring of intelligence
 C - an uncursed ring of fire
Wands
 c - a wand of flame (34)
 e - a wand of random effects (5)
 K - a wand of iceblast (4)
 S - a wand of polymorph (7)
Scrolls
 h - 2 scrolls of enchant weapon {unknown}
 r - 3 scrolls of blinking {unknown}
 s - 4 scrolls of teleportation
 t - a scroll of fog {unknown}
 u - a scroll of immolation {unknown}
 v - 2 scrolls of random uselessness {unknown}
 y - 7 scrolls of identify
 D - a scroll of magic mapping {unknown}
 H - 3 scrolls of fear
 I - 2 scrolls of remove curse {unknown}
 N - a scroll of enchant armour {unknown}
Potions
 g - a potion of lignification
 j - 6 potions of flight
 l - 3 potions of heal wounds {unknown}
 m - 3 potions of might
 w - 3 potions of curing
 A - a potion of agility
 B - a potion of cancellation {unknown}
 G - a potion of degeneration {unknown}
 M - a potion of haste
Books
 L - a manual of Summonings
 Q - a manual of Spellcasting
Comestibles
 J - 7 rations


   Skills:
 + Level 6.3 Fighting
 + Level 9.4 Short Blades
 * Level 1.3 Maces & Flails
 + Level 6.9 Armour
 + Level 7.5 Dodging
 + Level 2.6 Stealth
 + Level 4.8 Evocations


You had 10 spell levels left.
You didn't know any spells.
Your spell library contained the following spells:

 Spells                   Type           Power        Failure   Level  Hunger
 Magic Dart               Conj           #...         41%         1    ##.....
 Blink                    Tloc           N/A          56%         2    ###....
 Call Imp                 Summ           #.......     56%         2    ###....
 Slow                     Hex            #.......     56%         2    ###....
 Conjure Flame            Conj/Fire      #.......     80%         3    ####...
 Mephitic Cloud           Conj/Pois/Air  #.......     80%         3    ####...


Dungeon Overview and Level Annotations

Branches:
Dungeon (8/15)             Temple (0/1) D:5           Sewer (visited)
   Lair: D:8-11

Altars:
Gozag
Nemelex Xobeh
Ru
Trog
Uskayaw
Xom
The Shining One

Annotations:
D:3 exclusion: scorpion
D:5 exclusion: downstairs
D:7 exclusion: downstairs


Message History

The three-headed hydra bites you!
You feel yourself slow down.
You barely miss the three-headed hydra.
The three-headed hydra is almost dead.
The three-headed hydra bites you!
* * * LOW HITPOINT WARNING * * *
The three-headed hydra bites you but does no damage.
The three-headed hydra closely misses you.
You sock the three-headed hydra!
The three-headed hydra is almost dead.
The three-headed hydra bites you!
* * * LOW HITPOINT WARNING * * *
The three-headed hydra misses you. The three-headed hydra bites you.
* * * LOW HITPOINT WARNING * * *
Evoke which item? (* to show all) (? for menu, Esc to quit)
Okay, then.
Unknown command.
Okay, then.
The three-headed hydra bites you!
You die...
Your body crumbles into a pile of gold.

#......### #.###$..#####.<....##
#...>....###.#####.Y##........##
#......#.##..##...K.D..#......##
#.[....#..)..##.####.#######.##.
###########..#..# #.##...[.....
#....Y# #.##.####...# #..##K#
#.##.# ###.. ####..##D# #....#
##. #.....##@# #.#### ##..
....##.###.####.# #..# .## #..#
#(...#.## #.## #.####.##
####....### ##.# #......####
####....# #..#
##########.....###.......####.##
.#...## #.###................#
......## #.# ####.#####.#....###
.......###.######.# #....#...##


You could see a three-headed hydra, a yak and a big kobold.

Vanquished Creatures
  Harold (D:8)
  A hornet (D:8)
  Prince Ribbit (D:8)
  2 dream sheep (D:8)
  A hippogriff (D:7)
  A wyvern (D:8)
  A hungry ghost (D:7)
  Grum (D:8)
  An orc warrior (D:7)
  2 ice beasts (D:8)
  Purgy (Sewer)
  2 sky beasts
  2 phantoms (D:7)
  3 centaurs (D:7)
  4 wolves (D:8)
  4 ogres
  3 bullfrogs
  4 big kobolds
  A gnoll sergeant (D:8)
  3 scorpions (D:8)
  5 killer bees (D:8)
  4 howler monkeys
  4 crimson imps
  A bullfrog zombie (D:5)
  2 jellies
  5 hounds
  2 bullfrog skeletons (D:4)
  Terence (D:3)
  Jessica (D:3)
  3 iguanas
  4 orc wizards
  7 worker ants
  2 hound skeletons
  2 worker ant zombies
  A howler monkey skeleton (D:4)
  8 gnolls
  2 river rats (D:5)
  13 adders
  A shadow imp (D:6)
  2 oozes
  An adder zombie (D:5)
  2 adder skeletons
  4 worms
  4 leopard geckos
  21 orcs
  5 ball pythons
  13 bats
  4 giant cockroaches
  9 goblins
  9 hobgoblins
  14 jackals
  13 kobolds
  2 quokkas
  A ball python zombie (D:6)
  11 frilled lizards
  A leopard gecko skeleton (D:5)
  A leopard gecko zombie (D:5)
  8 rats
232 creatures vanquished.

Vanquished Creatures (collateral kills)
  An iguana (D:4)
  2 gnolls (D:3)
  An adder (D:4)
  An orc (D:4)
  A rat (D:5)
6 creatures vanquished.

Vanquished Creatures (others)
  2 orcs (D:4)
  6 plants (D:8)
8 creatures vanquished.

Grand Total: 246 creatures vanquished

Notes
Turn   | Place    | Note
-------+----------+-------------------------------------------
     0 | D:1      | H0rd4k the Human Artificer began the quest for the Orb.
     0 | D:1      | Reached XP level 1. HP: 15/15 MP: 3/3
    58 | D:1      | Reached XP level 2. HP: 20/21 MP: 4/4
   449 | D:1      | Reached XP level 3. HP: 24/26 MP: 5/5
   936 | D:2      | Reached XP level 4. HP: 32/32 MP: 6/6
  1057 | D:2      | Reached skill level 2 in Short Blades
  1739 | D:3      | Reached XP level 5. HP: 36/37 MP: 7/7
  1868 | D:3      | Noticed Terence
  1912 | D:3      | Killed Terence
  2238 | D:3      | Noticed Jessica
  2255 | D:3      | Reached skill level 3 in Short Blades
  2255 | D:3      | Reached skill level 1 in Armour
  2277 | D:3      | Killed Jessica
  2287 | D:3      | Reached XP level 6. HP: 40/43 MP: 8/8
  3177 | D:4      | Noticed an ogre
  3215 | D:4      | Reached skill level 4 in Short Blades
  3286 | D:4      | Found an opulent altar of Gozag.
  3320 | D:4      | Killed an ogre
  3320 | D:4      | Reached XP level 7. HP: 49/49 MP: 9/9
  3343 | D:4      | Became a worshipper of Gozag Ym Sagoz the Greedy
  3681 | D:5      | Entered Level 5 of the Dungeon
  3691 | D:5      | Found a staircase to the Ecumenical Temple.
  3990 | D:5      | Got a polished ring mail
  4001 | D:5      | Identified the +5 ring mail of Gozag's Fury {rCorr Int+4}
                  | (You found it on level 5 of the Dungeon)
  4163 | D:5      | Found a glowing drain.
  4237 | Sewer    | Entered a sewer
  4463 | Sewer    | Noticed Purgy
  4482 | Sewer    | Killed Purgy
  4482 | Sewer    | Reached skill level 5 in Short Blades
  4482 | Sewer    | Reached XP level 8. HP: 57/57 MP: 11/11
  5972 | D:6      | Reached skill level 6 in Short Blades
  6167 | D:7      | Reached XP level 9. HP: 37/64 MP: 12/12
  6294 | D:7      | Reached skill level 5 in Dodging
  6562 | D:7      | Found a shimmering altar of Xom.
  6564 | D:7      | Found a sparkling altar of Nemelex Xobeh.
  6573 | D:7      | Found a bloodstained altar of Trog.
  6575 | D:7      | Found an opulent altar of Gozag.
  6576 | D:7      | Found a sacrificial altar of Ru.
  6576 | D:7      | Found a hide-covered altar of Uskayaw.
  6576 | D:7      | Found a glowing golden altar of the Shining One.
  6765 | D:7      | Reached skill level 7 in Short Blades
  6822 | D:7      | Reached skill level 5 in Armour
  6968 | D:7      | Noticed a hippogriff
  6984 | D:7      | Killed a hippogriff
  7038 | D:7      | Found a shimmering altar of Xom.
  7284 | D:8      | Noticed a hornet
  7294 | D:8      | Paralysed by a hornet for 3 turns
  7297 | D:8      | Killed a hornet
  7297 | D:8      | Reached XP level 10. HP: 66/73 MP: 13/13
  7364 | D:8      | Noticed Prince Ribbit
  7398 | D:8      | Reached skill level 5 in Fighting
  7398 | D:8      | Reached skill level 8 in Short Blades
  7413 | D:8      | Killed Prince Ribbit
  7945 | D:8      | Noticed Harold
  7946 | D:8      | Identified the +10 mace "Qufithe" {speed, *Slow rPois rN++
                  | Dex+4}
  8181 | D:8      | Noticed Grum
  8209 | D:8      | Reached skill level 9 in Short Blades
  8221 | D:8      | Killed Grum
  8548 | D:8      | Killed Harold
  8580 | D:8      | Noticed a three-headed hydra
  8943 | D:8      | Reached XP level 11. HP: 75/81 MP: 14/14
  8945 | D:8      | Reached skill level 1 in Maces & Flails
  9208 | D:8      | Slain by a three-headed hydra

Levels and vault maps discovered:
D:1:      mrwooster_arrival_arrow, layout_loops_ring
D:2:      layout_basic
D:3:      layout_loops_ring, uniq_terence, uniq_jessica
D:4:      layout_rooms, nrook_uturn, nicolae_gozag_seed_capital
D:5:      layout_loops_cross, minmay_temple_entry_arrows, first_ration,
          portal_sewer_entry_b
D:6:      layout_basic, minmay_checkerbox, uniq_eustachio
D:7:      layout_loops_corners, grunt_temple_overflow_open, basic_altar,
          minmay_manual_mess
D:8:      layout_rooms, hangedman_ranch [blue_anna_fruit_fields],
          minmay_manual_moon, uniq_prince_ribbit1, uniq_grum, uniq_harold

Skill      XL: |  1  2  3  4  5  6  7  8  9 10 11 |
---------------+----------------------------------+-----
Short Blades   | 2 3 4 5 6 7 9 |  9.4
Dodging        | 3 4 6 7 |  7.5
Armour         | 1 2 3 4 5 6 |  6.9
Stealth        | 2 |  2.6
Fighting       | 2 3 4 6 |  6.3
Evocations     | 4 |  4.8
Maces & Flails | 1 |  1.3

Action                   |  1- 3 |  4- 6 |  7- 9 | 10-12 || total
-------------------------+-------+-------+-------+-------++-------
Melee: Short sword       |    31 |       |       |       ||    31
       Dagger            |   109 |   499 |  1098 |   318 ||  2024
       Mace              |       |       |       |    33 ||    33
Evoke: Wand              |       |    15 |    22 |     5 ||    42
  Use: Scroll            |       |     4 |       |     2 ||     6
 Stab: Sleeping          |     2 |     1 |       |       ||     3
       Distracted        |       |       |     1 |       ||     1
  Eat: Chunk             |       |     9 |       |       ||     9
       Ration            |       |       |     6 |     1 ||     7
Armor: Leather armour    |    58 |    38 |       |       ||    96
       Ring mail         |       |   163 |   382 |    89 ||   634
       Skin              |       |       |       |     7 ||     7
Dodge: Dodged            |    98 |   291 |   508 |   168 ||  1065
